 Dungeon Crawl Stone Soup version 0.18.1-8-gdd0e5ea (webtiles) character file.

114 Krapule the Ruffian (level 4, -15/40 HPs)
             Began as a Ghoul Monk on May 30, 2016.
             Demolished by an orc
             ... wielding a +2 whip of electrocution
              (18 damage)
             ... on level 3 of the Dungeon.
             The game lasted 00:11:55 (2300 turns).

Krapule the Ruffian (Ghoul Monk)                    Turns: 2300, Time: 00:11:56

Health: -15/40     AC:  4    Str: 14    XL:     4   Next: 98%
Magic:  3/3        EV: 13    Int:  6    God:
Gold:   164        SH:  0    Dex: 14    Spells: 0 memorised, 3 levels left

rFire  . . .     SeeInvis .       - Unarmed
rCold  + . .     Gourm    .     h - +0 leather armour
rNeg   + + +     Faith    .     (no shield)
rPois  ∞         Spirit   .     (no helmet)
rElec  .         Dismiss  .     (no cloak)
rCorr  .         Reflect  .     (no gloves)
SustAt .         Harm     .     l - +0 pair of boots
MR     .....                    q - amulet of regeneration
Stlth  +.........               (no ring)
                                m - +3 ring of dexterity

@: confused, rotting, not resistant to hostile enchantments, very unstealthy
A: rotting body, claws 1, carnivore 3, cold resistance 1, negative energy
resistance 3, slow regeneration 1, torment resistance, unbreathing
a: no special abilities


You were on level 3 of the Dungeon.
You were not hungry.

You visited 1 branch of the dungeon, and saw 3 of its levels.

You collected 164 gold pieces.

Inventory:

Armour
 h - a +0 leather armour (worn)
 j - a +0 shield
 l - a +0 pair of boots (worn)
Jewellery
 f - a +3 amulet of reflection
 m - a +3 ring of dexterity (left claw)
 o - an uncursed amulet of rage
 q - an amulet of regeneration (around neck)
Scrolls
 k - 2 scrolls of magic mapping {unknown}
 n - a scroll of noise {unknown}
 p - 2 scrolls of identify {unknown}
Potions
 a - a potion of cancellation {unknown}
 c - 3 potions of magic {unknown}
 e - 2 potions of heal wounds {unknown}
 r - a potion of curing {unknown}
Comestibles
 b - 2 meat rations
 d - 3 beef jerkies
 g - a slice of pizza
 i - a chunk of flesh


   Skills:
 + Level 3.7 Fighting
 + Level 1.0 Armour
 * Level 3.5 Dodging
 * Level 3.4 Stealth
 + Level 0.6 Shields
 + Level 4.7 Unarmed Combat


You had 3 spell levels left.
You didn't know any spells.

Dungeon Overview and Level Annotations

Branches:
Dungeon (3/15)

Altars:
Ashenzari
Fedhas

Annotations:
D:3 exclusion: oklob plant


Innate Abilities, Weirdness & Mutations

Your body is rotting away.
You thrive on raw meat.
You are immune to poison.
You have sharp fingernails.
You are carnivorous and can eat meat at any time.
Your flesh is cold resistant.
You are immune to negative energy.
You regenerate slowly when monsters are visible.
You are immune to unholy pain and torment.
You can survive without breathing.


Message History

Eat one of 2 chunks of flesh? (ye/n/q/i?) This raw flesh tastes great!
The orc wizard hits you but does no damage.
The orc closely misses you.
You continue eating.
The orc wizard hits you but does no damage.
The orc hits you with a whip of electrocution.
You are electrocuted!
* * * LOW HITPOINT WARNING * * *
You continue eating.
The orc wizard misses you. The orc closely misses you.
You're too confused to move!
The orc wizard hits you with a dagger.
* * * LOW HITPOINT WARNING * * *
The orc closely misses you.
You scratch the orc.
The orc is lightly wounded.
The orc wizard hits you with a dagger.
* * * LOW HITPOINT WARNING * * *
The orc hits you but does no damage.
You are electrocuted!
You die...

###o ....
...###. .##
...... ... ...
..... ..# #.#
...####.# #.#
oo..#..# #.#
#oo.#..# #.#
#@###..##### #.#
#....[#....# #.#
#.#...####.###.#
###...#........#
#...####.#####
....# #.# +###..
#.# #..# #.# #.
...#...... #..#
#.#


You could see an orc priest, an orc wizard and 3 orcs.

Vanquished Creatures
  4 adders
  An adder skeleton (D:3)
  2 worms (D:2)
  3 dart slugs
  A giant gecko (D:2)
  6 giant cockroaches
  8 goblins
  2 hobgoblins
  8 jackals
  A quokka (D:2)
  9 bats
  3 giant newts
  8 kobolds
  6 rats
62 creatures vanquished.

Notes
Turn   | Place    | Note
--------------------------------------------------------------
     0 | D:1      | Krapule the Ghoul Monk began the quest for the Orb.
     0 | D:1      | Reached XP level 1. HP: 19/19 MP: 0/0
   509 | D:1      | Reached XP level 2. HP: 22/26 MP: 1/1
  1076 | D:1      | Reached XP level 3. HP: 26/28 MP: 2/2
  1463 | D:2      | Reached XP level 4. HP: 28/38 MP: 3/3
  1531 | D:2      | Reached skill level 1 in Armour
  1916 | D:2      | Found a shattered altar of Ashenzari.
  2132 | D:3      | Found a blossoming altar of Fedhas.
  2146 | D:3      | Noticed an oklob plant
  2300 | D:3      | Demolished by an orc

Skill      XL: |  1  2  3  4 |
---------------+-------------+-----
Dodging        | 3 |  3.5
Stealth        | 3 |  3.4
Armour         | 1 |  1.0
Fighting       | |  3.7
Shields        | |  0.6
Unarmed Combat | |  4.7

Action                   |  1- 3 |  4- 6 || total
-------------------------+-------+-------++-------
Melee: Unarmed           |   117 |    85 ||   202
       Punch             |       |     2 ||     2
 Stab: Sleeping          |     2 |     2 ||     4
  Eat: Chunk             |    20 |    14 ||    34
Armor: Robe              |    14 |       ||    14
       Leather armour    |    18 |    23 ||    41
Dodge: Dodged            |    79 |    33 ||   112
Block: Other             |     4 |       ||     4
       Reflection        |     2 |       ||     2
       Shield            |    16 |    18 ||    34
